 Dungeon Crawl Stone Soup version 0.22-a0-469-gf26638a (webtiles) character file.

13118 iamserjio the Cleaver (level 11, -10/89 HPs)
             Began as a Mummy Fighter on June 11, 2018.
             Was an Elder of Makhleb.
             Mangled by a very large slime creature (39 damage)
             ... on level 12 of the Dungeon.
             The game lasted 00:58:09 (22835 turns).

iamserjio the Cleaver (Mummy Fighter)              Turns: 22835, Time: 00:58:10

Health: -10/89     AC: 20    Str: 21    XL:     11   Next: 71%
Magic:  16/16      EV:  2    Int:  8    God:    Makhleb [****..]
Gold:   175        SH: 14    Dex: 13    Spells: 10/10 levels left

rFire    x . .     SeeInvis .   a - +1 war axe
rCold    + . .     Gourm    .   p - +0 large shield (curse)
rNeg     + + +     Faith    .   C - +0 plate armour
rPois    ∞         Spirit   .   G - +1 hat
rElec    .         Reflect  .   q - +2 cloak
rCorr    .         Harm     .   D - +2 pair of gloves
MR       +....                  (no boots)
Stlth    ..........             (no amulet)
HPRegen  0.24/turn              f - ring of flight
MPRegen  0.15/turn              i - ring of poison resistance

@: no status effects
A: no food or potions, fire vulnerability, cold resistance 1, negative energy
resistance 3, torment resistance, unbreathing
a: Minor Destruction, Lesser Servant of Makhleb, Major Destruction, Renounce
Religion, Evoke Flight


You were on level 12 of the Dungeon.
You worshipped Makhleb.
Makhleb was greatly pleased with you.
You were not hungry.

You visited 2 branches of the dungeon, and saw 13 of its levels.
You also visited: Sewer.

You collected 655 gold pieces.
You spent 480 gold pieces at shops.

Inventory:

Hand Weapons
 a - a +1 war axe (weapon)
 h - a +2 mace of draining
 m - a cursed -1 whip
 v - a +0 blowgun
 z - a +0 morningstar
Missiles
 k - 6 tomahawks (quivered)
 l - 273 stones
 t - 4 needles of sleeping
 B - 4 needles of paralysis
 E - 29 poisoned needles
Armour
 b - a +0 scale mail
 c - a +0 shield
 d - a +0 chain mail
 n - a scarf of cloud immunity
 p - a cursed +0 large shield (worn)
 q - a +2 cloak (worn)
 C - a +0 plate armour (worn)
 D - a +2 pair of gloves (worn)
 G - a +1 hat (worn)
Jewellery
 f - a ring of flight (left hand)
 i - a ring of poison resistance (right hand)
 F - an uncursed ring of magical power
Wands
 o - a wand of polymorph (16)
 x - a wand of flame (6)
 H - a wand of enslavement (9)
 I - a wand of disintegration (19)
Scrolls
 e - 4 scrolls of identify
 g - a scroll of vulnerability
 j - 8 scrolls of remove curse
 r - 2 scrolls of teleportation
 s - a scroll of blinking
 u - 2 scrolls of fog
 y - 2 scrolls of enchant weapon
 A - a scroll of amnesia
Miscellaneous
 w - a phial of floods (inert)


   Skills:
 + Level 9.1 Fighting
 * Level 11.1 Axes
 - Level 6.0 Armour
 + Level 3.6 Shields
 + Level 7.2 Invocations


You had 10 spell levels left.
You didn't know any spells.
Your spell library was empty.

Dungeon Overview and Level Annotations

Branches:
Dungeon (12/15)            Temple (1/1) D:6            Lair (0/6) D:8
    Orc: D:9-12

Altars:
Ashenzari
Cheibriados
Dithmenos
Elyvilon
Fedhas
Gozag
Hepliaklqana
Kikubaaqudgha
Makhleb
Nemelex Xobeh
Okawaru
Qazlal
Ru
Sif Muna
Trog
Uskayaw
Vehumet
Wu Jian
Xom
Yredelemnul
Zin
The Shining One

Shops:
D:8 [(*   D:11 %


Innate Abilities, Weirdness & Mutations

You do not eat or drink.
Your flesh is vulnerable to fire.
You are immune to poison.
Your flesh is cold resistant. (rC+)
You are immune to negative energy. (rN+++)
You are immune to unholy pain and torment.
You can survive without breathing.


Message History

Your water elemental hits the very large slime creature!!
Your water elemental hits the very large slime creature!
The very large slime creature hits your water elemental.
The very large slime creature hits your water elemental!
Your water elemental is destroyed!
Evoke which item? (* to show all) (? for menu, Esc to quit)
Aiming: Throw Flame
Press: ? - help, Shift-Dir - straight line, f/p - very large slime creature
Aim: a very large slime creature (severely wounded)
The puff of flame hits the very large slime creature.
The very large slime creature is severely wounded.
The very large slime creature is engulfed in a cloud of scalding steam.
Unknown command.
Press: ? - help, v - describe, . - travel Some shallow water.
The very large slime creature is engulfed in a cloud of scalding steam.
There is an open door here.
There is a stone staircase leading up here.
The very large slime creature hits you!!!
You die...

.....# .....# .....#
..... .... #>)##
##..###### ########+##
.........####.........#
.........#..'..J@.....#
.........#.##.........#
.........#.##.........#
.......J.#§##.........#
.........#§##.........#
..........≈##.........#
.........####.........#
.........# #.........#
.........# #.........#


You could see a very large slime creature.

Vanquished Creatures
  2 two-headed ogres
  Prince Ribbit (D:6)
  Grinder (D:6)
  Sigmund (D:5)
  24 yaks
  2 wraiths
  Eustachio (D:6)
  2 wyverns
  Menkaure (D:7)
  2 wargs (D:8)
  9 orc warriors
  2 sky beasts
  An eye of draining (D:10)
  A hornet zombie (D:7)
  4 ice beasts
  4 phantoms
  2 centaurs
  5 ogres
  5 big kobolds
  A wyvern zombie (D:10)
  6 bullfrogs
  2 water moccasin zombies (D:8)
  A wyvern skeleton (D:6)
  6 scorpions
  5 killer bees
  2 howler monkeys
  2 wights (D:11)
  5 electric eels (D:10)
  3 bullfrog zombies
  3 hounds
  3 jellies
  A quasit (D:5)
  A bullfrog skeleton (D:11)
  15 orc wizards
  6 orc priests
  A centaur skeleton (D:7)
  A gnoll shaman (D:9)
  4 iguanas
  Natasha (thrice) (D:4)
  9 worker ants
  A hound zombie (D:7)
  A worker ant zombie (D:5)
  A howler monkey skeleton (D:6)
  14 gnolls
  10 adders
  A river rat (D:7)
  5 shadow imps
  An ooze (D:6)
  2 adder skeletons
  6 worms
  6 dart slugs
  12 leopard geckos
  51 orcs
  7 giant cockroaches
  7 goblins
  6 hobgoblins
  12 jackals
  6 quokkas
  2 ball pythons
  A ball python skeleton (D:6)
  14 bats
  8 frilled lizards
  A jackal zombie (D:6)
  22 kobolds
  A leopard gecko skeleton (D:4)
  12 rats
  2 plants (D:10)
362 creatures vanquished.

Vanquished Creatures (collateral kills)
  A two-headed ogre (D:8)
  A wight (D:11)
2 creatures vanquished.

Vanquished Creatures (others)
  10 plants (D:10)
10 creatures vanquished.

Grand Total: 374 creatures vanquished

Notes
Turn   | Place    | Note
-------+----------+-------------------------------------------
     0 | D:1      | iamserjio the Mummy Fighter began the quest for the Orb.
     0 | D:1      | Reached XP level 1. HP: 18/18 MP: 1/1
    83 | D:1      | Reached XP level 2. HP: 22/24 MP: 2/2
   169 | D:1      | Reached skill level 2 in Axes
   444 | D:1      | Reached XP level 3. HP: 26/29 MP: 3/3
  1139 | D:2      | Reached XP level 4. HP: 29/35 MP: 4/4
  1886 | D:3      | Reached skill level 3 in Axes
  1886 | D:3      | Reached XP level 5. HP: 12/42 MP: 5/5
  2336 | D:3      | Found a basalt altar of Yredelemnul.
  2336 | D:3      | Found a stormy altar of Qazlal.
  4206 | D:4      | Found an ornate altar of the Wu Jian Council.
  4264 | D:4      | Noticed a phantom
  4328 | D:4      | Killed a phantom
  4328 | D:4      | Reached skill level 4 in Axes
  4328 | D:4      | Reached XP level 6. HP: 18/48 MP: 6/6
  4686 | D:4      | Noticed Natasha
  4702 | D:4      | Killed Natasha
  4708 | D:4      | Noticed Natasha
  5088 | D:5      | Entered Level 5 of the Dungeon
  5101 | D:5      | Noticed Sigmund
  5621 | D:5      | Found a glowing silver altar of Zin.
  5638 | D:5      | Reached XP level 7. HP: 52/54 MP: 7/7
  5775 | D:5      | Found a radiant altar of Vehumet.
  5839 | D:4      | Reached skill level 5 in Axes
  6067 | D:4      | Killed Natasha
  6111 | D:4      | Noticed Natasha
  6125 | D:4      | Killed Natasha
  6643 | D:5      | Killed Sigmund
  6918 | D:5      | Found a sparkling altar of Nemelex Xobeh.
  7143 | D:6      | Noticed Prince Ribbit
  7599 | D:6      | Found a glowing drain.
  7599 | D:6      | Noticed Eustachio
  7649 | Sewer    | Entered a sewer
  8345 | D:6      | Found a staircase to the Ecumenical Temple.
  8355 | Temple   | Entered the Ecumenical Temple
  8429 | Temple   | Became a worshipper of Makhleb the Destroyer
  8500 | Temple   | Reached skill level 6 in Axes
  8500 | Temple   | Reached XP level 8. HP: 57/60 MP: 8/8
  8760 | Temple   | Reached skill level 1 in Invocations
  8893 | D:6      | Killed Eustachio
  9011 | D:6      | Reached skill level 5 in Armour
 10100 | D:6      | Noticed Grinder
 10130 | D:6      | Paralysed by Grinder for 3 turns
 10163 | D:6      | Killed Grinder
 10163 | D:6      | Reached skill level 5 in Fighting
 10163 | D:6      | Reached skill level 7 in Axes
 10413 | Temple   | Identified a scroll of acquirement
 11118 | D:7      | Noticed Menkaure
 11139 | D:7      | Killed Menkaure
 11139 | D:7      | Reached XP level 9. HP: 50/68 MP: 9/11
 12436 | D:7      | Reached * piety under Makhleb
 12781 | D:8      | Found a shattered altar of Ashenzari.
 12925 | D:8      | Noticed a two-headed ogre
 13592 | D:8      | Found Pujanusk's Weapon Shop.
 13872 | D:8      | Found Gehuon's General Store.
 13911 | D:8      | Reached skill level 8 in Axes
 14473 | D:8      | Found a staircase to the Lair.
 15197 | D:6      | Killed Prince Ribbit
 15625 | D:8      | Found Kusisk's Antique Armour Boutique.
 15701 | D:8      | Found a shimmering altar of Xom.
 15702 | D:8      | Found a shimmering altar of Xom.
 15702 | D:8      | Found a shimmering altar of Xom.
 15703 | D:8      | Found a shimmering altar of Xom.
 15703 | D:8      | Found a shimmering altar of Xom.
 15704 | D:8      | Found a shimmering altar of Xom.
 16116 | D:8      | Found a shimmering altar of Xom.
 16147 | D:8      | Killed a two-headed ogre
 16147 | D:8      | Reached XP level 10. HP: 28/77 MP: 13/13
 16528 | D:9      | Noticed a two-headed ogre
 16558 | D:8      | Bought a phial of floods for 480 gold pieces
 16615 | D:8      | Killed a two-headed ogre
 16615 | D:8      | Reached skill level 9 in Axes
 16615 | D:8      | Reached skill level 5 in Invocations
 17181 | D:9      | Reached ** piety under Makhleb
 17906 | D:9      | Found a snail-covered altar of Cheibriados.
 17983 | D:9      | Reached skill level 10 in Axes
 18013 | D:9      | Reached XP level 11. HP: 81/86 MP: 15/15
 18143 | D:9      | Found an iron altar of Okawaru.
 18463 | D:10     | Entered Level 10 of the Dungeon
 18807 | D:10     | Reached *** piety under Makhleb
 19242 | D:10     | Noticed a two-headed ogre
 20114 | D:10     | Killed a two-headed ogre
 22014 | D:11     | Reached skill level 11 in Axes
 22166 | D:11     | Found Vadoej's Food Emporium.
 22703 | D:12     | Reached **** piety under Makhleb
 22835 | D:12     | Mangled by a very large slime creature

Vault maps used:
D:1:      minmay_arrival_glassed_features
D:2:      minmay_tromino_v2
D:3:      gammafunk_temple_overflow_statue, first_ration,
          kennysheep_generic_room_3
D:4:      kennysheep_mini_moat, uniq_natasha
D:5:      overflow_temple_1_default, nicolae_overflow_crystal_walls,
          zin_academy, uniq_sigmund
D:6:      minmay_temple_entry_mist, cheibrodos_sewer_entry_sluice, uniq_grinder,
          uniq_prince_ribbit1, uniq_eustachio
D:7:      statuecave_lemuel, uniq_menkaure
D:8:      nicolae_ashenzari_panopticon, erik_lair_orcish_takeover, serial_shops,
          nicolae_shop_trees, shop_statue,
          nicolae_shop_temple_entry_statues_fountains, blue_anna_alchemist,
          xom_redecorated
D:9:      cheibrodos_worm_habitat, basic_altar
D:10:     serial_bayou, serial_bayou_shore_a, serial_bayou_lagoon_a,
          serial_bayou_pond_c, serial_bayou_ford_a
D:11:     serial_shops, nicolae_shop_trees
D:12:     minmay_orc_entry_temple_small, portal_ice_cave_demonic_guard,
          uniq_azrael
Temple:   nicolae_temple_great_sept
Sewer:    sewer_fruit_machine

Skill      XL: |  1  2  3  4  5  6  7  8  9 10 11 |
---------------+----------------------------------+-----
Axes           | 2 3 4 6 7 8 10 11 | 11.1
Armour         | 3 4 5 6 |  6.0
Shields        | 3 |  3.6
Fighting       | 4 5 6 8 9 |  9.1
Invocations    | 2 4 6 7 |  7.2

Action                   |  1- 3 |  4- 6 |  7- 9 | 10-12 || total
-------------------------+-------+-------+-------+-------++-------
Melee: War axe           |   136 |   297 |   653 |   769 ||  1855
 Fire: Blowgun           |       |       |       |    32 ||    32
Throw: Tomahawk          |       |     5 |     5 |     4 ||    14
       Stone             |       |     6 |       |       ||     6
       Throwing net      |       |       |     2 |     3 ||     5
Evoke: Wand              |       |       |    20 |     2 ||    22
       Phial of floods   |       |       |       |     2 ||     2
       Box of beasts     |       |       |       |     1 ||     1
  Use: Scroll            |       |     4 |    17 |     5 ||    26
 Stab: Distracted        |       |       |       |     2 ||     2
Armor: Scale mail        |    69 |    81 |       |       ||   150
       Chain mail        |       |    46 |   366 |       ||   412
       Plate armour      |       |       |    12 |   364 ||   376
Dodge: Dodged            |    36 |    88 |   126 |    42 ||   292
Block: Shield            |    73 |   137 |   314 |     2 ||   526
       Large shield      |       |       |       |   473 ||   473

Table legend:
 A = Spawn XP
 B = Non-spawn XP
 C = Spawn XP percentage of total XP
 D = Spawn monster count
 E = Non-spawn monster count
 F = Spawn count percentage of total count
 G = Total turns spent on level
                    A         B        C        D         E        F      G
               +---------+---------+-------+---------+---------+-------+---------
         Total |       0 |   18741 |   0.0 |       0 |     362 |   0.0 | 22835
               +---------+---------+-------+---------+---------+-------+---------
           D:1 |       0 |      45 |   0.0 |       0 |      26 |   0.0 |   656
           D:2 |       0 |     165 |   0.0 |       0 |      28 |   0.0 |  1715
           D:3 |       0 |     149 |   0.0 |       0 |      31 |   0.0 |  1612
           D:4 |       0 |     413 |   0.0 |       0 |      12 |   0.0 |  1900
           D:5 |       0 |     413 |   0.0 |       0 |      12 |   0.0 |  1664
           D:6 |       0 |    1313 |   0.0 |       0 |      24 |   0.0 |  2252
           D:7 |       0 |    1262 |   0.0 |       0 |      33 |   0.0 |  2683
           D:8 |       0 |    2878 |   0.0 |       0 |      22 |   0.0 |  2642
           D:9 |       0 |    4590 |   0.0 |       0 |      63 |   0.0 |  2427
          D:10 |       0 |    3785 |   0.0 |       0 |      39 |   0.0 |  1994
          D:11 |       0 |    2563 |   0.0 |       0 |      36 |   0.0 |  1377
          D:12 |       0 |     782 |   0.0 |       0 |      10 |   0.0 |   270
        Temple |       0 |     336 |   0.0 |       0 |       7 |   0.0 |   977
         Sewer |       0 |      47 |   0.0 |       0 |      19 |   0.0 |   666
               +---------+---------+-------+---------+---------+-------+---------
